 Dungeon Crawl Stone Soup version 0.19-a0-1875-g4fea3da (webtiles) character file.

83540 vev the Destroyer (level 14, -14/116 HPs)
             Began as a Demigod Wizard on Oct 13, 2016.
             Demolished by a skeletal warrior
             ... wielding a +0 dire flail
             ... led by a skeletal warrior
              (28 damage)
             ... on level 14 of the Dungeon.
             The game lasted 02:57:00 (33606 turns).

vev the Destroyer (Demigod Wizard)                 Turns: 33606, Time: 02:57:03

Health: -14/116    AC:  9    Str: 10    XL:     14   Next: 93%
Magic:  14/31      EV: 19    Int: 32    God:
Gold:   1100       SH:  5    Dex: 18    Spells: 9 memorised, 1 level left

rFire  + . .     SeeInvis .     b - +0 falchion (holy)
rCold  . . .     Gourm    .     J - +1 robe of the Sailor {rPois}
rNeg   . . .     Faith    .     e - +0 buckler
rPois  +         Spirit   .     D - +2 hat
rElec  .         Dismiss  .     i - +0 cloak {+Inv}
rCorr  .         Reflect  .     (no gloves)
MR     ++...     Harm     .     K - +2 pair of boots
Stlth  ++++++....               R - amulet of Dishonesty {RegenMP rF+ Int+2 Slay+2}
                                A - +4 ring of dexterity
                                u - ring of stealth

@: repel missiles
A: high mp 1, magic resistance 1, no device heal 1
a: Evoke Invisibility


You were on level 14 of the Dungeon.
You were not hungry.

You visited 2 branches of the dungeon, and saw 20 of its levels.
You also visited: Bailey and Volcano.

You collected 1385 gold pieces.
You spent 285 gold pieces at shops.

Inventory:

Hand Weapons
 a - a +9 dagger of draining
 b - a +0 falchion of holy wrath (weapon)
Missiles
 W - 26 tomahawks of returning (quivered)
Armour
 e - a +0 buckler (worn)
 h - a +1 robe of resistance
 i - a +0 cloak of invisibility (worn)
 D - a +2 hat (worn)
 J - the +1 robe of the Sailor (worn) {rPois}
   (You bought it in a shop on level 9 of the Dungeon)

   It protects you from poison.
 K - a +2 pair of boots (worn)
Jewellery
 g - an uncursed ring of resist corrosion
 u - a ring of stealth (left hand)
 A - a +4 ring of dexterity (right hand)
 G - an uncursed ring of ice
 P - an uncursed ring of see invisible
 R - the amulet of Dishonesty (around neck) {RegenMP rF+ Int+2 Slay+2}
   (You found it on level 7 of the Dungeon)

   [amulet of magic regeneration]

   It increases your magic regeneration.
   It affects your intelligence (+2).
   It affects your accuracy and damage with ranged weapons and melee attacks
   (+2).
   It protects you from fire.
Wands
 F - a wand of disintegration (12/24)
 L - a wand of acid (5/15)
 Z - a wand of heal wounds (3/9)
Scrolls
 f - a scroll of torment {unknown}
 k - a scroll of holy word
 l - 6 scrolls of blinking
 m - 3 scrolls of enchant armour
 o - 3 scrolls of recharging
 s - 6 scrolls of remove curse
 v - 3 scrolls of vulnerability {unknown}
 y - 7 scrolls of teleportation {16}
 B - a scroll of brand weapon {unknown}
 C - a scroll of summoning
 O - 3 scrolls of fear
 Q - a scroll of magic mapping
 T - 4 scrolls of fog
 U - 4 scrolls of amnesia
Potions
 c - 3 potions of resistance
 j - a potion of haste
 p - 3 potions of ambrosia
 q - 8 potions of curing
 r - 2 potions of brilliance
 t - 2 potions of flight
 H - 3 potions of cancellation
 I - a potion of magic
 N - a potion of heal wounds
 V - 6 potions of agility
 X - a potion of beneficial mutation
 Y - 3 potions of berserk rage
Comestibles
 d - 6 bread rations
 n - 56 fruits
 x - 13 meat rations
 S - 7 royal jellies


   Skills:
 + Level 8.8 Fighting
 - Level 10.2 Short Blades
 + Level 9.6 Dodging
 + Level 9.9 Stealth
 - Level 4.0 Shields
 + Level 9.0 Spellcasting
 * Level 12.9 Conjurations
   Level 0.8 Summonings
 - Level 0.8 Translocations
 - Level 2.9 Fire Magic
 - Level 5.0 Poison Magic
 * Level 2.4 Evocations


You had one spell level left.
You knew the following spells:

 Your Spells              Type           Power        Failure   Level  Hunger
a - Magic Dart            Conj           ####         0%          1    None
b - Blink                 Tloc           N/A          3%          2    None
c - Conjure Flame         Conj/Fire      ######..     1%          3    None
d - Venom Bolt            Conj/Pois      ######....   2%          5    ###....
f - Mephitic Cloud        Conj/Pois/Air  ######..     1%          3    None
m - Repel Missiles        Chrm/Air       ##....       6%          2    None
q - Orb of Destruction    Conj           #######...   17%         7    ######.
r - Regeneration          Chrm/Necr      ##........   12%         3    None
s - Sticky Flame          Conj/Fire      ######..     1%          4    None


Dungeon Overview and Level Annotations

Branches:
Dungeon (14/15)            Temple (0/1) D:7            Lair (6/6) D:8
  Swamp (0/4) Lair:4       Spider (0/4) Lair:2        Slime (0/5) Lair:6
    Orc (0/2) D:12         Vaults (0/5) D:13

Shops:
D:9 ::[

Portals:
Trove: D:14 (give 16 scrolls of teleportation)

Annotations:
D:3 exclusion: ball python


Innate Abilities, Weirdness & Mutations

You have an increased reservoir of magic. (+10% MP)
You are resistant to hostile enchantments. (MR+)
Potions and wands are less effective at restoring your health.


Message History

Press: ? - help, Shift-Dir - straight line, f - skeletal warrior, p - skeletal warrior
Aim: a skeletal warrior, wielding a dire flail (flame, moderately damaged)
The sticky flame hits the skeletal warrior.
The skeletal warrior appears unharmed.
The skeletal warrior is moderately damaged.
The skeletal warrior is covered in liquid flames!
The skeletal warrior burns! x2
The skeletal warrior completely misses you.
The skeletal warrior is engulfed in roaring flames.
The skeletal warrior hits you with a dire flail!!
You hit the skeletal warrior but do no damage.
The skeletal warrior is severely damaged.
The skeletal warrior burns! x2
You hit the skeletal warrior but do no damage.
The skeletal warrior is almost destroyed.
The skeletal warrior burns! x2
The skeletal warrior hits you with a halberd!!
* * * LOW HITPOINT WARNING * * *
The skeletal warrior hits you with a dire flail!!
You die...

..
.......#..........(.)
..
.....z.z#........#.∩.
..
..................[..
..
...........#.###....#
..
...###.....#.#.###.##
.. #..§.......%..###
.. #..##§#..#.......#
##
#..###z.#####.###.##
.####@z..## ### ###
#...#....# ###..##.##
###..## ##.# #...#
#####


You could see 2 skeletal warriors.

Vanquished Creatures
  Rupert (Lair:6)
  Gastronok (Lair:1)
  An orc warlord (Bailey)
  3 centaur warriors
  5 hydras
  A merfolk avatar (Lair:6)
  A death knight (D:13)
  A catoblepas (Lair:4)
  2 ogre magi
  Urug (Lair:5)
  A hell knight (Volcano)
  Nergalle (Lair:1)
  3 skeletal warriors (D:14)
  A deep elf archer (D:13)
  2 orc knights
  6 hill giants
  A wolf spider zombie (D:13)
  5 harpies (Lair:6)
  A lindwurm (Lair:3)
  6 ugly things
  2 manticores (Lair:6)
  5 deep elf magi
  An oklob plant (Lair:3)
  3 centaur zombies (D:13)
  2 cyclopes (D:14)
  3 black mambas
  22 elephants
  Joseph (Lair:1)
  20 spiny frogs
  2 molten gargoyles (Volcano)
  Psyche (D:8)
  A gargoyle (D:13)
  8 komodo dragons
  3 rime drakes
  An efreet (D:14)
  A tengu conjurer (D:10)
  A jumping spider (Lair:2)
  2 trolls
  A queen bee (D:9)
  8 polar bears
  A wind drake (Lair:6)
  Prince Ribbit (D:7)
  6 blink frogs
  A hornet (Lair:6)
  8 two-headed ogres
  3 slime creatures (D:13)
  6 hippogriffs
  4 dream sheep (Lair:6)
  2 shadows
  3 vampires (D:13)
  A redback (Lair:2)
  53 yaks
  2 fire bats (Volcano)
  6 wyverns
  Grum (D:8)
  2 basilisks
  2 hungry ghosts
  5 vampire mosquitoes
  A soldier ant (D:12)
  5 swamp worms (Lair:4)
  12 water moccasins
  12 porcupines
  An eye of draining (D:9)
  8 orc warriors
  4 ice beasts
  2 phantoms
  5 sky beasts
  6 ogres
  5 black bears
  12 wolves
  10 centaurs
  18 crocodiles
  2 gnoll sergeants
  16 bullfrogs
  3 scorpions
  The ghost of George the Chopper, a weakling DDFi (D:3)
  21 killer bees
  4 electric eels
  16 wights
  6 crimson imps
  2 howler monkeys
  8 lava snakes (Volcano)
  7 jellies
  A bullfrog skeleton (D:9)
  7 hounds
  7 iguanas
  10 orc priests
  3 centaur skeletons
  14 orc wizards
  12 worker ants
  A hound zombie (D:5)
  A hound skeleton (D:5)
  19 adders
  20 gnolls
  3 river rats (D:8)
  3 shadow imps
  An ooze (D:4)
  2 adder zombies
  4 adder skeletons
  2 worms
  4 dart slugs (D:1)
  8 leopard geckos
  48 orcs
  8 giant cockroaches
  2 gnoll zombies (D:4)
  12 goblins
  11 hobgoblins
  15 jackals
  3 quokkas
  A ball python skeleton (D:5)
  7 bats
  7 frilled lizards
  A jackal skeleton (D:4)
  20 kobolds
  6 rats
  A fungus (Lair:6)
690 creatures vanquished.

Vanquished Creatures (collateral kills)
  A killer bee (D:7)
1 creature vanquished.

Vanquished Creatures (others)
  2 killer bees (D:9)
  2 bushes (D:8)
  6 fungi
  16 plants
26 creatures vanquished.

Grand Total: 717 creatures vanquished

Notes
Turn   | Place    | Note
-------+----------+-------------------------------------------
     0 | D:1      | vev the Demigod Wizard began the quest for the Orb.
     0 | D:1      | Reached XP level 1. HP: 14/14 MP: 6/6
   206 | D:1      | Reached skill level 2 in Dodging
   233 | D:1      | Reached skill level 1 in Fighting
   314 | D:1      | Reached XP level 2. HP: 23/23 MP: 8/8
   338 | D:1      | Reached skill level 2 in Stealth
   916 | D:1      | Learned a level 2 spell: Blink
   993 | D:1      | Reached XP level 3. HP: 27/28 MP: 9/9
  1573 | D:2      | Reached skill level 3 in Dodging
  1864 | D:2      | Reached XP level 4. HP: 36/36 MP: 4/10
  1912 | D:2      | Learned a level 3 spell: Mephitic Cloud
  2047 | D:3      | Reached skill level 2 in Fighting
  2183 | D:3      | Reached skill level 3 in Stealth
  2354 | D:3      | Noticed George's ghost (weakling DDFi)
  2415 | D:3      | Found a faded altar of an unknown god.
  2670 | D:4      | Reached XP level 5. HP: 42/42 MP: 11/11
  2716 | D:4      | Learned a level 3 spell: Conjure Flame
  2908 | D:4      | Found a sparkling altar of Nemelex Xobeh.
  2921 | D:4      | Found a white marble altar of Elyvilon.
  3076 | D:4      | Noticed a phantom
  3702 | D:5      | Entered Level 5 of the Dungeon
  3708 | D:5      | Found an iron altar of Okawaru.
  4010 | D:5      | Reached skill level 3 in Spellcasting
  4010 | D:5      | Reached XP level 6. HP: 47/50 MP: 9/13
  4123 | D:5      | HP: 1/50 [gnoll/spear (5)]
  4207 | D:4      | Reached skill level 3 in Fighting
  5542 | D:4      | Found a basalt altar of Yredelemnul.
  5632 | D:5      | Reached skill level 4 in Stealth
  5643 | D:5      | Reached skill level 4 in Dodging
  6109 | D:3      | HP: 5/51 [George's ghost (11)]
  6682 | D:3      | Killed George's ghost
  7104 | D:5      | Reached XP level 7. HP: 49/57 MP: 15/15
  7180 | D:5      | Learned a level 2 spell: Repel Missiles
  7777 | D:5      | Reached skill level 2 in Short Blades
  8214 | D:5      | Found a burning altar of Makhleb.
  8398 | D:6      | Reached skill level 3 in Short Blades
  8568 | D:6      | Reached skill level 4 in Short Blades
  8579 | D:6      | Identified the Grimoire of Enchanting Attacks
  8629 | D:6      | Reached XP level 8. HP: 66/66 MP: 17/17
  8836 | D:6      | Reached skill level 5 in Short Blades
  9099 | D:6      | Gained mutation: You are frail. (-10% HP) [mutagenic meat]
  9102 | D:6      | Gained mutation: You are weak. (Str -2) [mutagenic meat]
  9105 | D:6      | Gained mutation: You are very frail. (-20% HP) [mutagenic meat]
  9108 | D:6      | Gained mutation: Your flesh is cold resistant. (rC+) [mutagenic meat]
  9114 | D:6      | Lost mutation: Your flesh is cold resistant. (rC+) [mutagenic meat]
  9157 | D:6      | Found a shattered altar of Ashenzari.
  9262 | D:6      | Reached skill level 6 in Short Blades
  9300 | D:6      | HP: 4/52 [orc warrior/mace (9)]
  9676 | D:6      | Found a bloodstained altar of Trog.
  9679 | D:6      | Found a shimmering altar of Xom.
  9682 | D:6      | Found a sacrificial altar of Ru.
  9782 | D:7      | Reached skill level 7 in Short Blades
 10018 | D:7      | Reached skill level 8 in Short Blades
 10074 | D:7      | Reached XP level 9. HP: 51/56 MP: 18/18
 10133 | D:7      | Got a fine ruby amulet
 10134 | D:7      | Identified the amulet of Dishonesty {RegenMP rF+ Int+2 Slay+2} (You found it on level 7 of the Dungeon)
 10479 | D:7      | Found a staircase to the Ecumenical Temple.
 10575 | D:7      | Noticed Prince Ribbit
 10578 | D:7      | Killed Prince Ribbit
 10578 | D:7      | Reached skill level 9 in Short Blades
 10747 | D:7      | Learned a level 4 spell: Sticky Flame
 10800 | D:8      | Noticed Psyche
 10808 | D:8      | Killed Psyche
 10808 | D:8      | Reached skill level 10 in Short Blades
 11131 | D:8      | Reached skill level 1 in Conjurations
 11155 | D:8      | Reached skill level 5 in Stealth
 11215 | D:8      | Reached skill level 4 in Fighting
 11369 | D:8      | Reached skill level 2 in Conjurations
 11392 | D:8      | Noticed Grum
 11642 | D:8      | Reached skill level 1 in Poison Magic
 11751 | D:8      | Found a staircase to the Lair.
 11940 | D:8      | Reached XP level 10. HP: 49/62 MP: 19/19
 11954 | D:8      | Reached skill level 5 in Dodging
 11967 | D:8      | Reached skill level 3 in Conjurations
 12364 | D:8      | Reached skill level 2 in Poison Magic
 12371 | D:8      | Reached skill level 4 in Spellcasting
 12371 | D:8      | Reached skill level 1 in Fire Magic
 13134 | D:9      | Reached skill level 4 in Conjurations
 13336 | D:9      | Reached skill level 2 in Fire Magic
 13345 | D:9      | Reached skill level 3 in Poison Magic
 13707 | D:9      | Found Vennetou's Book Shop.
 13751 | D:9      | Reached skill level 5 in Conjurations
 13759 | D:9      | Lost mutation: You are very frail. (-20% HP) [potion of cure mutation]
 13759 | D:9      | Lost mutation: You are frail. (-10% HP) [potion of cure mutation]
 13759 | D:9      | Lost mutation: You are weak. (Str -2) [potion of cure mutation]
 13789 | D:9      | Found Joerph's Antique Armour Shoppe.
 13806 | D:9      | Found a bloodstained altar of Trog.
 13812 | D:9      | Bought a brightly glowing robe for 159 gold pieces
 13812 | D:9      | Bought a pair of boots for 126 gold pieces
 13827 | D:9      | Identified the +1 robe of the Sailor {rPois} (You bought it in a shop on level 9 of the Dungeon)
 14187 | D:9      | Found Pappamos's Book Emporium.
 14334 | D:10     | Entered Level 10 of the Dungeon
 14353 | D:10     | Found a flagged portal.
 14359 | D:10     | Reached skill level 5 in Spellcasting
 14375 | Bailey   | Entered a bailey
 14380 | Bailey   | Noticed an orc warlord
 14466 | Bailey   | Noticed an orc knight
 14491 | Bailey   | Killed an orc knight
 14491 | Bailey   | Reached skill level 6 in Conjurations
 14491 | Bailey   | Reached XP level 11. HP: 42/85 MP: 17/22
 14706 | Bailey   | Found a runed gate.
 14717 | Bailey   | Found a runed gate.
 14717 | Bailey   | Found a runed gate.
 14768 | Bailey   | Learned a level 5 spell: Venom Bolt
 14793 | Bailey   | Killed an orc warlord
 14793 | Bailey   | Reached skill level 4 in Poison Magic
 14840 | Bailey   | Identified the Volume of Creation and Good Luck
 15213 | D:10     | Noticed a hill giant
 15232 | D:10     | Killed a hill giant
 15244 | D:10     | Noticed a hill giant
 15263 | D:10     | Killed a hill giant
 15263 | D:10     | Reached skill level 7 in Conjurations
 15600 | D:10     | Noticed a hill giant
 15625 | D:10     | Killed a hill giant
 15829 | D:10     | Reached skill level 6 in Spellcasting
 15842 | D:10     | Reached skill level 5 in Poison Magic
 16588 | D:11     | Reached skill level 8 in Conjurations
 16612 | D:11     | Noticed a hill giant
 16640 | D:11     | Killed a hill giant
 16729 | D:11     | Gained mutation: You regenerate slowly when monsters are visible. [potion of mutation]
 16729 | D:11     | Gained mutation: You have large cloven feet. [potion of mutation]
 16729 | D:11     | Gained mutation: Your muscles are strong. (Str +2) [potion of mutation]
 16730 | D:11     | Gained mutation: You possess an exceptional clarity of mind. [potion of mutation]
 16730 | D:11     | Gained mutation: You are clumsy. (Dex -2) [potion of mutation]
 16730 | D:11     | Lost mutation: Your muscles are strong. (Str +2) [potion of mutation]
 16731 | D:11     | Lost mutation: You have large cloven feet. [potion of cure mutation]
 16731 | D:11     | Lost mutation: You regenerate slowly when monsters are visible. [potion of cure mutation]
 16731 | D:11     | Lost mutation: You possess an exceptional clarity of mind. [potion of cure mutation]
 16731 | D:11     | Lost mutation: You are clumsy. (Dex -2) [potion of cure mutation]
 17252 | Lair:1   | Entered Level 1 of the Lair of Beasts
 17283 | D:8      | Reached skill level 6 in Stealth
 17313 | D:8      | Killed Grum
 17479 | Lair:1   | Reached skill level 5 in Fighting
 17593 | Lair:1   | Noticed Nergalle
 17600 | Lair:1   | Killed Nergalle
 17678 | Lair:1   | Noticed Gastronok
 17686 | Lair:1   | Killed Gastronok
 17686 | Lair:1   | Reached skill level 9 in Conjurations
 17686 | Lair:1   | Reached XP level 12. HP: 52/94 MP: 1/26
 17915 | Lair:1   | Noticed Joseph
 17925 | Lair:1   | Killed Joseph
 17925 | Lair:1   | Reached skill level 6 in Dodging
 19340 | Lair:1   | Noticed a four-headed hydra
 19348 | Lair:1   | Killed a four-headed hydra
 19425 | Lair:2   | Found a dark tunnel.
 19440 | Volcano  | Entered a volcano
 19852 | Volcano  | Found a burning altar of Makhleb.
 19852 | Volcano  | Noticed an ogre mage
 19871 | Volcano  | Killed an ogre mage
 19871 | Volcano  | Reached skill level 7 in Stealth
 19871 | Volcano  | Reached skill level 7 in Spellcasting
 19877 | Volcano  | Reached skill level 6 in Fighting
 20238 | Lair:2   | Reached skill level 10 in Conjurations
 20403 | Lair:2   | Found a hole to the Spider Nest.
 20427 | Lair:2   | Reached skill level 1 in Shields
 20829 | Lair:2   | Reached skill level 2 in Shields
 21238 | Lair:3   | Reached skill level 3 in Shields
 21393 | Lair:3   | Reached skill level 4 in Shields
 23095 | Lair:4   | Reached XP level 13. HP: 52/103 MP: 21/28
 23458 | Lair:4   | Found a staircase to the Swamp.
 23726 | Lair:4   | Reached skill level 7 in Dodging
 24705 | Lair:5   | Learned a level 7 spell: Orb of Destruction
 24802 | Lair:5   | Noticed Urug
 24818 | Lair:5   | Killed Urug
 24818 | Lair:5   | Reached skill level 7 in Fighting
 24839 | Lair:5   | Reached skill level 11 in Conjurations
 24849 | Lair:5   | Reached skill level 8 in Stealth
 25327 | Lair:6   | Entered Level 6 of the Lair of Beasts
 26246 | Lair:6   | Reached skill level 8 in Spellcasting
 26259 | Lair:6   | Reached skill level 8 in Dodging
 26455 | Lair:6   | Found a staircase to the Slime Pits.
 27390 | Lair:6   | Reached XP level 14. HP: 90/114 MP: 10/30
 27592 | Lair:6   | Reached skill level 9 in Stealth
 27785 | Lair:6   | Gained mutation: You are clumsy. (Dex -2) [potion of mutation]
 27785 | Lair:6   | Gained mutation: Potions and wands are less effective at restoring your health. [potion of mutation]
 27799 | Lair:6   | Got a transparent hunting sling
 27800 | Lair:6   | Identified the cursed +1 hunting sling "Ytamun" {flame, MP+9} (You found it on level 6 of the Lair of Beasts)
 27943 | Lair:6   | Noticed Rupert
 28066 | Lair:6   | Killed Rupert
 28138 | Lair:6   | Reached skill level 12 in Conjurations
 28507 | Lair:6   | Reached skill level 8 in Fighting
 29096 | D:12     | Found a staircase to the Orcish Mines.
 29556 | D:12     | Found a roughly hewn altar of Beogh.
 29670 | D:13     | Learned a level 3 spell: Regeneration
 29716 | D:13     | Got a tattered robe
 29727 | D:13     | Identified the +0 robe of Idealism {rPois rC- Str+8 Dex+3} (You found it on level 13 of the Dungeon)
 30773 | D:13     | Reached skill level 9 in Dodging
 32370 | D:13     | Found a gate to the Vaults.
 32555 | D:14     | Reached skill level 9 in Spellcasting
 32818 | D:14     | Reached skill level 1 in Evocations
 33298 | D:14     | Reached skill level 2 in Evocations
 33405 | D:14     | Found a portal to a secret trove of treasure.
 33454 | D:14     | Lost mutation: You are clumsy. (Dex -2) [mutagenic meat]
 33457 | D:14     | Gained mutation: You are resistant to hostile enchantments. (MR+) [mutagenic meat]
 33606 | D:14     | Demolished by a skeletal warrior

Vault maps used:
D:1:      dpeg_arrival_round_c
D:2:      first_bread
D:3:      ecumenical_altar_2, wad_floor_pattern_1, saegor_snake_ambush
D:4:      lemuel_round_altar, lemuel_zombie_altar_yredelemnul,
          nemelex_xobeh_ov_fountains_minmay
D:5:      okawaru_gym_becter, makhleb_blood_cavern_becter
D:6:      grunt_temple_overflow_diamond, kennysheep_mini
D:7:      uniq_prince_ribbit1
D:8:      minmay_lair_entry_grove, uniq_psyche, uniq_grum
D:9:      serial_shops, shop, shop, shop, david_nohive_1, trog_butcher_becter
D:10:     enter_bailey_3
D:12:     minmay_orc_entry_temple_small, serial_glass, glass_columns_a,
          glass_columns_a
D:13:     hangedman_vaults_entry_quadrant_bands
D:14:     nicolae_trove_entry_free_sample, grunt_decor_clamped,
          serial_bayou_ford_a
Lair:1:   uniq_joseph, uniq_nergalle, uniq_gastronok
Lair:2:   spider_nest_entry_a, enter_volcano_2, grunt_forest_large_clearings
Lair:3:   minivault_23, grunt_megastairs_1
Lair:4:   nicolae_swamp_entry_splash_gauntlet, lemuel_fruit_tree,
          grunt_megastairs_4
Lair:5:   lemuel_fruit_fields, infiniplex_staircase_pool, uniq_urug
Lair:6:   gammafunk_lair_ancient_temple, slime_dummy, uniq_rupert
Bailey:   bailey_axe_bossmonster_kennysheep, bailey
Volcano:  volcano_lake

Skill      XL: |  1  2  3  4  5  6  7  8  9 10 11 12 13 14 |
---------------+-------------------------------------------+-----
Dodging        | 2 3 4 5 6 8 9 |  9.6
Fighting       | 1 2 3 4 5 6 7 8 |  8.8
Stealth        | 2 3 4 5 6 7 8 9 |  9.9
Spellcasting   | 3 5 6 7 8 9 |  9.0
Short Blades   | 4 8 10 | 10.2
Conjurations   | 2 6 9 10 11 12 | 12.9
Poison Magic   | 1 3 5 |  5.0
Fire Magic     | 2 |  2.9
Shields        | 4 |  4.0
Evocations     | 2 |  2.4
Summonings     | |  0.8
Translocations | |  0.8

Action                   |  1- 3 |  4- 6 |  7- 9 | 10-12 | 13-15 || total
-------------------------+-------+-------+-------+-------+-------++-------
Melee: Dagger            |    99 |   280 |   412 |   643 |   706 ||  2140
       Falchion          |       |    34 |    34 |    42 |    39 ||   149
 Cast: Magic Dart        |    37 |   114 |    42 |   127 |   126 ||   446
       Mephitic Cloud    |       |     6 |    16 |    54 |    52 ||   128
       Blink             |       |    11 |     5 |     5 |    15 ||    36
       Conjure Flame     |       |     8 |     4 |     7 |    15 ||    34
       Repel Missiles    |       |       |     1 |     4 |     2 ||     7
       Venom Bolt        |       |       |       |    26 |    75 ||   101
       Sticky Flame      |       |       |       |    10 |    52 ||    62
       Orb of Destructio |       |       |       |       |     5 ||     5
       Regeneration      |       |       |       |       |     5 ||     5
 Abil: Evoke Invisibilit |       |       |       |       |     1 ||     1
Evoke: Wand              |       |       |       |     2 |     1 ||     3
  Use: Scroll            |       |     8 |    10 |    14 |    12 ||    44
       Potion            |       |       |       |     5 |     3 ||     8
 Stab: Sleeping          |     5 |     9 |     8 |    29 |    26 ||    77
       Confused          |       |     5 |     8 |    32 |    37 ||    82
       Distracted        |       |       |     1 |     1 |     4 ||     6
       Invisible         |       |       |       |       |     5 ||     5
  Eat: Chunk             |     2 |    16 |    23 |    31 |    37 ||   109
       Pizza             |       |     1 |       |     2 |       ||     3
       Beef jerky        |       |       |     1 |     1 |       ||     2
       Meat ration       |       |       |       |     1 |       ||     1
       Bread ration      |       |       |       |       |     3 ||     3
Armor: Robe              |    16 |    29 |    34 |    42 |    68 ||   189
       Skin              |       |       |       |       |    24 ||    24
Dodge: Dodged            |    53 |   216 |   209 |   295 |   376 ||  1149
       Deflected         |       |       |     3 |     8 |     3 ||    14
Block: Buckler           |       |       |       |     8 |   104 ||   112
       Rpst.: Falchion   |       |     6 |     8 |     9 |     7 ||    30
